 Dungeon Crawl Stone Soup version 0.29.0-11-gd7f09526c8 (webtiles) character file.

Game seed: 18389939015849535852

104 pacmanke6689 the Slasher (level 4, -4/39 (41) HPs)
             Began as a Minotaur Monk on Sept 6, 2022.
             Slain by Crazy Yiuf
             ... wielding a +4 quarterstaff of chaos
              (5 damage)
             ... on level 2 of the Dungeon.
             The game lasted 00:05:24 (2280 turns).

pacmanke6689 the Slasher (Minotaur Monk)            Turns: 2280, Time: 00:05:26

HP:   -4/39 (41)    AC:  3    Str: 17    XL:     4   Next: 52%
MP:   3/3           EV: 13    Int: 12    God:
Gold: 55            SH:  0    Dex: 13    Spells: 3/3 levels left

rFire   . . .      SeeInvis .   a - +0 falchion
rCold   . . .      Faith    .   (no shield)
rNeg    . . .      Spirit   .   b - +0 robe
rPois   .          Reflect  .   (helmet restricted)
rElec   .          Harm     .   (no cloak)
rCorr   .          Rampage  .   k - +0 pair of gloves
Will    .....                   (no boots)
Stlth   +.........              (no amulet)
HPRegen 0.13/turn               h - ring of Doubts {Int+5 Slay+4}
MPRegen 0.08/turn               (no ring)

@: confused, lethally poisoned (-4 -> -8), ambrosia-drunk, lightly drained
A: horns 2, retaliatory headbutt
a: no special abilities


You were on level 2 of the Dungeon.
You visited 1 branch of the dungeon, and saw 2 of its levels.

You collected 55 gold pieces.

Inventory:

Hand Weapons
 a - a +0 falchion (weapon)
Armour
 b - a +0 robe (worn)
 k - a +0 pair of gloves (worn)
Jewellery
 h - the ring of Doubts (left hand) {Int+5 Slay+4}
   (You acquired it on level 2 of the Dungeon)

   [ring of slaying]

   Int:       It affects your intelligence (+5).
   Slay:      It affects your accuracy & damage with ranged weapons and melee
   (+4).
 i - an amulet of magic regeneration
Scrolls
 g - a scroll of noise
 l - a scroll of identify
Potions
 d - a potion of cancellation
 e - a potion of heal wounds
 f - a potion of curing
 j - a potion of attraction


   Skills:
 + Level 4.6 Fighting
 + Level 4.7 Long Blades
 + Level 3.9 Dodging
 + Level 2.4 Stealth


You had 3 spell levels left.
You didn't know any spells.
Your spell library was empty.

Dungeon Overview and Level Annotations

Branches:
Dungeon (2/15)

Altars:

Annotations:
D:2 Crazy Yiuf


Innate Abilities, Weirdness & Mutations

You have a pair of horns on your head.
You reflexively headbutt those who attack you in melee.


Message History

You kill the bat!
There is an open door here.
You open the door.
There is an open door here.
There is a stone staircase leading up here.
There is a stone staircase leading up here.
There is an open door here.
Crazy Yiuf shouts!
You open the door. You hit Crazy Yiuf.
Crazy Yiuf is lightly wounded.
Crazy Yiuf closely misses you.
You slash Crazy Yiuf!
Crazy Yiuf is severely wounded.
Crazy Yiuf hits you with a +4 quarterstaff of chaos!!
You resist with significant effort.
You closely miss Crazy Yiuf.
Crazy Yiuf is severely wounded.
Crazy Yiuf hits you with a +4 quarterstaff of chaos!
* * * LOW HITPOINT WARNING * * *
You feel drained.
* * * LOW HITPOINT WARNING * * *
You are confused.
You feel invigorated. Crazy Yiuf misses you.
You closely miss Crazy Yiuf.
Crazy Yiuf is severely wounded.
Crazy Yiuf hits you with a +4 quarterstaff of chaos!
* * * LOW HITPOINT WARNING * * *
You closely miss Crazy Yiuf. Your headbutt misses Crazy Yiuf.
Crazy Yiuf is severely wounded.
Crazy Yiuf hits you with a +4 quarterstaff of chaos.
You are poisoned.
You barely miss Crazy Yiuf.
Crazy Yiuf is severely wounded.
You feel sick.
Crazy Yiuf laughs, "Mugger!
Lugonu cloud action."
Crazy Yiuf hits you with a +4 quarterstaff of chaos!
* * * LOW HITPOINT WARNING * * *
Crazy Yiuf burns you.
You die...

##.###### #.##...##.#
##'## #.##.#.##.#
##...# #.........#
##....# ###########
##.....# ##......#
.'......##♣♣ ###
##.......+.♣♣ ♣♣#..)#
##.......PP♣♣♣♣@g...#
##.........♣..♣#...#
##....+..♣.♣♣♣ ###
##'###♣♣♣♣♣ #.# #.#
### ##.## #.#
#####...## #.#
.........##########.#


You could see Crazy Yiuf.

Vanquished Creatures
  6 gnolls (D:2)
  2 worms (D:2)
  4 ball pythons
  7 bats
  2 endoplasms
  2 giant cockroaches
  3 goblins (D:1)
  5 hobgoblins
  4 kobolds
  A frilled lizard (D:1)
  4 rats
40 creatures vanquished.

Vanquished Creatures (others)
  2 minotaurs (D:1)
  2 demonspawn (D:1)
  A troll (D:1)
  A merfolk (D:1)
  A spriggan (D:1)
  2 nagas (D:1)
  A dwarf (D:1)
  A tengu (D:1)
  A mummy (D:1)
  A gnoll (D:1)
  An orc (D:1)
  A kobold (D:1)
  7 tentacles (D:1)
22 creatures vanquished.

Grand Total: 62 creatures vanquished

Notes
Turn   | Place    | Note
-------+----------+-------------------------------------------
     0 | D:1      | pacmanke6689 the Minotaur Monk began the quest for the Orb.
     0 | D:1      | Reached XP level 1. HP: 19/19 MP: 0/0
     2 | D:1      | Noticed a minotaur
     2 | D:1      | Noticed a demonspawn
     2 | D:1      | Noticed a naga
     2 | D:1      | Noticed a demonspawn
     2 | D:1      | Noticed a spriggan
     2 | D:1      | Noticed a merfolk
     2 | D:1      | Noticed a tengu
     2 | D:1      | Noticed a minotaur
     2 | D:1      | Noticed a kraken
     2 | D:1      | Noticed a dwarf
     2 | D:1      | Noticed a troll
     2 | D:1      | Noticed a naga
     3 | D:1      | Killed a tengu
     9 | D:1      | Killed a minotaur
    10 | D:1      | Killed a demonspawn
    10 | D:1      | Killed a naga
    12 | D:1      | Killed a merfolk
    13 | D:1      | Killed a dwarf
    14 | D:1      | Killed a demonspawn
    14 | D:1      | Killed a troll
    15 | D:1      | Killed a minotaur
    15 | D:1      | Killed a spriggan
    17 | D:1      | Killed a naga
   304 | D:1      | Reached XP level 2. HP: 23/27 MP: 1/1
  1071 | D:2      | Reached XP level 3. HP: 33/33 MP: 2/2
  1599 | D:2      | Reached XP level 4. HP: 38/41 MP: 3/3
  1836 | D:2      | Identified a scroll of acquirement
  1836 | D:2      | Acquired the ring of Doubts {Int+5 Slay+4}
  2156 | D:2      | Found a runed translucent door.
  2157 | D:2      | Noticed Crazy Yiuf
  2280 | D:2      | HP: 1/39 [Crazy Yiuf/+4 quarterstaff of chaos (13)]
  2280 | D:2      | Slain by Crazy Yiuf

Illustrated notes

Levels and vault maps discovered:
D:1:      nicolae_arrival_kraken_aquarium_b, layout_basic, solitary_fountain
D:2:      layout_loops_corners, minmay_ruptured, uniq_crazy_yiuf_cottage

Skill      XL: |  1  2  3 |
---------------+----------+-----
Fighting       | 4 |  4.6
Long Blades    | 4 |  4.7
Stealth        | 2 |  2.4
Dodging        | |  3.9

Action                   |  1- 3 |  4- 6 || total
-------------------------+-------+-------++-------
Melee: Falchion          |    70 |    23 ||    93
       Headbutt          |     9 |     4 ||    13
       Punch             |     1 |       ||     1
  Use: Scroll            |     2 |     4 ||     6
       Potion            |     1 |     1 ||     2
 Stab: Sleeping          |     7 |       ||     7
Armor: Robe              |    11 |     2 ||    13
Dodge: Dodged            |    42 |    12 ||    54
